 Dungeon Crawl Stone Soup version 0.24-a0-521-g122614bf49 (webtiles) character file.

Game seed: 11669582167637176566

632092 GordonOverkill the Hoplite (level 27, -12/361 HPs)
             Began as a Naga Fighter on July 30, 2019.
             Was the Champion of Trog.
             Killed from afar by an electric golem (15 damage)
             ... with a bolt of lightning
             ... on level 5 of the Realm of Zot.
             The game lasted 02:48:38 (72663 turns).

GordonOverkill the Hoplite (Naga Fighter)          Turns: 72663, Time: 02:48:38

Health: -12/361    AC: 46    Str: 34    XL:     27
Magic:  29/29      EV: 17    Int:  9    God:    Trog [******]
Gold:   4341       SH: 31    Dex: 25    Spells: 26/26 levels left

rFire    + + +     SeeInvis +   a - +9 broad axe (elec)
rCold    + + +     Gourm    .   e - +2 large shield {AC+3}
rNeg     + . .     Faith    .   Z - +0 gold dragon scales
rPois    +         Spirit   .   V - +1 helmet
rElec    +         Reflect  .   i - +0 cloak {+Inv}
rCorr    +         Harm     .   A - +3 pair of gloves of Music {rElec rN+ Dex+6 Stlth-}
MR       +++..     Rnd*Rage +   w - +0 naga barding
Stlth    ..........             L - amulet "Vuobuviklu" {RegenMP rF+}
HPRegen  0.70/turn              x - ring of Felyelak {rPois rC+ Str+3}
MPRegen  0.46/turn              l - +6 ring of protection

@: mighty, agile, berserking, resistant, flying, hasted, quick
A: large, see invisible, berserk 2, deformed body, frail 1, low mp 1, poison
resistance, screaming 1, slowness 2, slow metabolism 1, spit poison 1, weak 1,
no potion heal 1, subdued magic 1, MP-powered wands, constrict 1, AC +9
}: 3/15 runes: barnacled, silver, gossamer
a: Spit Poison, Berserk, Trog's Hand, Brothers in Arms, Renounce Religion, Evoke
Invisibility


You were on level 5 of the Realm of Zot.
You worshipped Trog.
Trog was exalted by your worship.
You were not hungry.

You visited 10 branches of the dungeon, and saw 50 of its levels.
You also visited: Bailey and Volcano.

You collected 7376 gold pieces.
You spent 3035 gold pieces at shops.

Inventory:

Hand Weapons
 a - a +9 broad axe of electrocution (weapon)
 b - a +7 broad axe of draining
 P - a +1 antimagic broad axe
Missiles
 u - 6 throwing nets (quivered)
Armour
 c - a +0 cloak of magic resistance
 e - a +2 large shield of protection (worn)
 i - a +0 cloak of invisibility (worn)
 w - a +0 naga barding (worn)
 A - the +3 pair of gloves of Music (worn) {rElec rN+ Dex+6 Stlth-}
   (You found it on level 5 of the Vaults)

   It affects your dexterity (+6).
   It insulates you from electricity.
   It protects you from negative energy.
   It makes you less stealthy.
 V - a +1 helmet (worn)
 Z - +0 gold dragon scales (worn)
Jewellery
 l - a +6 ring of protection (right hand)
 s - the amulet of Vitality {Regen+ HP+15}
   (You found it on level 3 of the Depths)

   [amulet of regeneration]

   It affects your health (+15).
   It increases your rate of regeneration.
 x - the ring of Felyelak (left hand) {rPois rC+ Str+3}
   (You bought it in a shop on level 1 of the Shoals)

   [ring of strength]

   It affects your strength (+3).
   It protects you from cold.
   It protects you from poison.
 L - the amulet "Vuobuviklu" (around neck) {RegenMP rF+}
   (You found it on level 3 of the Lair of Beasts)

   [amulet of magic regeneration]

   It increases your magic regeneration.
   It protects you from fire.
Wands
 h - a wand of acid (27)
 n - a wand of random effects (18)
 y - a wand of digging (17)
 M - a wand of clouds (15)
 T - a wand of iceblast (55)
 Y - a wand of paralysis (23)
Scrolls
 k - 29 scrolls of identify
 t - a scroll of blinking
 D - 4 scrolls of magic mapping
 E - 30 scrolls of teleportation
 F - 4 scrolls of silence
 G - 7 scrolls of fog
 J - a scroll of enchant weapon
 O - 6 scrolls of summoning
 R - 3 scrolls of immolation
 U - 22 scrolls of remove curse
 W - a scroll of holy word
 X - 6 scrolls of fear
Potions
 d - 12 potions of might
 g - 6 potions of invisibility
 j - 23 potions of curing
 m - 5 potions of flight
 r - 10 potions of lignification
 v - 2 potions of cancellation
 z - 3 potions of agility
 C - 5 potions of berserk rage
 H - 3 potions of haste
 N - 4 potions of ambrosia
 Q - 8 potions of heal wounds
 S - 5 potions of mutation
Miscellaneous
 o - a lamp of fire
 p - a phantom mirror
 q - a phial of floods (inert)
 B - 3 boxes of beasts
 I - 3 sacks of spiders
Comestibles
 f - 47 rations


   Skills:
 - Level 20.0 Fighting
 - Level 18.0 Axes
 - Level 13.0 Armour
 - Level 13.0 Dodging
 + Level 26.4 Shields
 - Level 13.0 Evocations


You had 26 spell levels left.
You didn't know any spells.
Your spell library was empty.

Dungeon Overview and Level Annotations

Branches:
Dungeon (15/15)            Temple (1/1) D:7            Lair (6/6) D:10
 Shoals (4/4) Lair:3       Spider (4/4) Lair:2        Slime (0/5) Lair:6
    Orc (2/2) D:10            Elf (3/3) Orc:2        Vaults (5/5) D:14
  Crypt (0/3) Vaults:2     Depths (5/5) D:15            Zot (5/5) Depths:5

Altars:
Ashenzari
Cheibriados
Dithmenos
Elyvilon
Fedhas
Gozag
Hepliaklqana
Kikubaaqudgha
Makhleb
Nemelex Xobeh
Okawaru
Qazlal
Ru
Sif Muna
Trog
Uskayaw
Vehumet
Wu Jian
Xom
Yredelemnul
Zin
The Shining One

Shops:
D:8 *   D:9 (   D:13 [   Orc:2 %([*   Shoals:1 [=   Shoals:3 *   Vaults:3 (
Depths:2 [   Depths:3 }=}   Depths:5 *

Portals:
Hell: Depths:1 Depths:2 Depths:3 Depths:4 Depths:5
Abyss: Depths:1 Depths:4 Depths:5
Pandemonium: Depths:1 Depths:2 Depths:3
Ziggurat: Depths:1
Trove: Elf:3 (give 5 potions of resistance)

Annotations:
Zot:3 3 runed translucent doors, Miewn's ghost, legendary DEFE; Tem Zeofa's ghost, legendary MiFi
Zot:5 2 exclusions


Innate Abilities, Weirdness & Mutations

You cannot wear boots.
Your serpentine skin is tough. (AC +9)
You have supernaturally acute eyesight. (SInv)
Armour fits poorly on your strangely shaped body.
Your system is resistant to poisons. (rPois)
You cover ground very slowly.
You have a slow metabolism.
You can spit poison.
You can use your snake-like lower body to constrict enemies.
You often lose your temper in combat.
You are frail. (-10% HP)
Your magical capacity is low. (-10% MP)
You occasionally shout uncontrollably at your foes.
You are weak. (Str -2)
Potions are less effective at restoring your health.
Your spells are a little easier to cast, but a little less powerful.
You expend magic power (3 MP) to strengthen your wands.


Message History

You slash the orb of fire! You miss the orb of fire.
The orb of fire is severely damaged.
You hit the orb of fire but do no damage.
The orb of fire glows deep purple.
Strange energies course through your body.
You feel frail.
The black draconian breathes lightning at you.
The bolt of lightning hits the orb of fire.
The orb of fire completely resists.
The bolt of lightning hits you! You resist.
* * * LOW HITPOINT WARNING * * *
The orb of fire glows yellow.
The bolt of fire misses you.
You hit the orb of fire but do no damage.
The orb of fire is severely damaged.
You hit the orb of fire but do no damage.
The electric golem hurls lightning at you.
The bolt of lightning hits the orb of fire.
The orb of fire completely resists.
The bolt of lightning hits you! You resist.
You die...

*,,,,,,.........^....# ##..^.
*,,...?..............# #....
*,..........$........# ##....
*,...............^...# #.....
*,...................# ##.....
*,...................###......
**..............^...###...####
*#.......≈8*.....)##.)..##
*#......(d*@....)[)..###
▓▓.....##▓▓▓▓▓▓▓▓▓▓▓#
*▓....≈........,,****
*▓..............,,,,,***
**...............,,,,,,,**
*,.......8...L...,,,,,,,,* ***
*,...............,,,,,,,,***,,
**..^.......*....,,,,,,,,**,,,
*▓..............,,,,,,,,*,,,,


You could see 2 orbs of fire, an electric golem and a black draconian.

Vanquished Creatures
  3 ancient liches
  3 orbs of fire
  A juggernaut (Depths:4)
  Sojobo (Depths:5)
  2 greater mummies (Depths:3)
  A Killer Klown (Zot:5)
  5 curse toes
  9 golden dragons
  Nikola (Vaults:3)
  3 electric golems
  9 tentacled monstrosities
  7 liches
  Jorgrun (Spider:1)
  10 Orb Guardians (Zot:5)
  3 deep elf blademasters
  A deep elf master archer (Elf:3)
  Asterion (Spider:3)
  5 titans
  11 quicksilver dragons
  A kraken (Shoals:1)
  An ancient champion (Vaults:2)
  Agnes (Spider:1)
  10 sphinxes
  8 death cobs
  Kirke (Lair:4)
  Frances (D:12)
  9 storm dragons
  8 shadow dragons
  Roxanne (D:14)
  An azure jelly (shapeshifter) (Vaults:5)
  7 fire giants
  Ilsuiw (Shoals:2)
  11 tengu reavers
  5 draconian monks
  4 frost giants
  19 vault wardens
  7 ghost moths
  6 draconian shifters
  An iron dragon (Vaults:5)
  11 deep elf sorcerers
  Louise (Elf:2)
  2 draconian knights (Zot:1)
  5 draconian scorchers
  7 emperor scorpions
  12 ironheart preservers
  7 deep elf elementalists
  A ghoul (Vaults:2)
  4 draconian stormcallers
  Aizul (Spider:2)
  An entropy weaver (shapeshifter) (Vaults:3)
  5 war gargoyles
  The ghost of motoroller71 the Nimble, a journeyman GnGl of Makhleb (D:15)
  19 very ugly things
  7 draconian annihilators
  2 entropy weavers (Spider:1)
  Nessos (Lair:5)
  19 stone giants
  11 deep elf demonologists
  8 black draconians
  2 vampire knights
  12 white draconians
  6 deep elf annihilators
  13 green draconians
  11 purple draconians
  3 spark wasps (Depths:3)
  21 red draconians
  A dire elephant (D:15)
  12 yellow draconians
  6 merfolk javelineers
  Snorg (D:10)
  27 ettins
  2 crystal guardians (Depths:2)
  6 fire dragons
  3 mummy priests (Depths:3)
  12 merfolk impalers
  Josephine (D:11)
  5 deep elf death magi
  5 great orbs of eyes
  13 ogre magi
  5 deep elf high priests
  22 yaktaur captains
  8 hydras
  5 rakshasas
  49 two-headed ogres
  7 ice dragons
  5 centaur warriors
  Erica (D:10)
  38 vault guards
  2 catoblepae (Vaults:3)
  4 spriggan air magi
  A merfolk avatar (Shoals:1)
  3 death knights
  35 dancing weapons
  12 death yaks
  7 merfolk aquamancers
  3 spriggan berserkers
  4 alligator snapping turtles
  4 satyrs (Shoals:4)
  9 deep troll shamans
  2 vampire magi
  2 deep troll earth magi (Depths:4)
  6 tengu warriors
  3 orc high priests (Orc:2)
  5 hell knights (Depths:4)
  A fire crab (shapeshifter) (Vaults:2)
  A soul eater (Vaults:2)
  13 deep elf knights
  2 iron trolls (Depths:5)
  A salamander mystic (Volcano)
  7 skeletal warriors
  6 unseen horrors
  3 glowing orange brains
  5 flayed ghosts
  A shadow wraith (Vaults:3)
  8 sea snakes
  23 deep trolls
  16 deep elf archers
  A shadow demon (Depths:3)
  21 ironbrand convokers
  5 wizards
  4 phantasmal warriors
  A lindwurm (shapeshifter) (Vaults:3)
  10 necromancers
  An obsidian statue (Zot:5)
  11 harpies
  A harpy (shapeshifter) (Vaults:3)
  11 orb spiders
  A wolf spider zombie (D:15)
  35 wolf spiders
  18 orc knights
  16 ugly things
  61 deep elf magi
  2 oklob plants
  3 salamanders (Volcano)
  14 fauns
  7 manticores
  5 orc sorcerers
  A salamander (shapeshifter) (Depths:1)
  5 cyclopes
  A faun (shapeshifter) (Vaults:3)
  A torpor snail (Spider:4)
  8 apocalypse crabs (Zot:1)
  8 elephants
  A guardian serpent (shapeshifter) (Depths:2)
  A moth of wrath (shapeshifter) (D:15)
  15 vault sentinels
  11 merfolk sirens
  14 moths of wrath
  Maurice (D:13)
  10 water nymphs
  5 black mambas
  6 gargoyles
  Psyche (D:8)
  9 spiny frogs
  An orange demon (Depths:3)
  6 komodo dragons
  An efreet (Zot:1)
  12 freezing wraiths
  A rime drake (Lair:4)
  73 yaktaurs
  A komodo dragon (shapeshifter) (Vaults:5)
  A kobold demonologist (D:14)
  3 guardian mummies (Depths:3)
  A hellwing (Depths:3)
  16 demonic crawlers
  A red devil (Depths:3)
  A yaktaur skeleton (Depths:1)
  3 meliai (D:14)
  4 polar bears (Lair:6)
  2 human skeletons
  A tengu conjurer (D:15)
  44 merfolk
  9 trolls
  34 jumping spiders
  A merfolk (shapeshifter) (Vaults:3)
  A queen bee (shapeshifter) (Elf:1)
  5 wind drakes
  14 blink frogs
  15 hornets
  8 hippogriffs
  7 snapping turtles
  16 dream sheep
  27 slime creatures
  A shadow (D:11)
  7 air elementals
  60 redbacks
  15 spriggans
  20 water elementals
  An ice dragon skeleton (Depths:1)
  An ettin skeleton (Vaults:3)
  2 yaks (shapeshifter)
  7 wraiths
  2 wyverns
  27 tarantellas
  6 fire bats (Volcano)
  25 yaks
  Grum (D:8)
  2 fire elementals
  2 hogs (Lair:4)
  17 humans (D:14)
  3 hungry ghosts
  5 basilisks
  A chaos spawn (Depths:3)
  A golden eye (shapeshifter) (Vaults:3)
  Edmund (D:5)
  2 humans (shapeshifter)
  2 vampire mosquitoes (D:12)
  4 neqoxecs (D:15)
  Menkaure (D:5)
  A human simulacrum (Vaults:2)
  4 wargs
  A yaktaur simulacrum (Vaults:3)
  15 water moccasins
  8 porcupines
  A soldier ant (D:13)
  An acid dragon (Vaults:2)
  50 orc warriors
  3 ice beasts
  3 sky beasts
  4 black bears
  An eye of draining (D:10)
  2 necrophages
  2 phantoms
  15 boggarts
  32 ogres
  15 centaurs
  33 wolves
  12 crocodiles
  2 big kobolds
  13 bullfrogs
  6 earth elementals
  A wyvern zombie (D:12)
  4 scorpions
  3 wyvern skeletons
  7 killer bees
  7 wights
  4 howler monkeys
  3 electric eels
  9 crimson imps
  11 lava snakes (Volcano)
  3 quasits
  26 orc priests
  2 bullfrog skeletons
  9 hounds
  8 jellies
  Crazy Yiuf (D:5)
  Jessica (D:2)
  5 centaur skeletons
  3 iguanas
  Ijyb (D:5)
  29 orc wizards
  9 worker ants
  A killer bee zombie (D:10)
  2 mummies (Depths:3)
  A worker ant zombie (D:7)
  9 adders
  4 gnolls (D:8)
  A gnoll (shapeshifter) (Vaults:5)
  7 shadow imps
  A white imp (Depths:3)
  3 ufetubi (Depths:3)
  5 oozes (D:8)
  2 adder skeletons
  5 worms
  3 dart slugs
  3 leopard geckos
  150 orcs
  8 bats
  8 giant cockroaches
  10 goblins
  12 hobgoblins
  14 jackals
  13 kobolds
  2 quokkas
  2 ball pythons
  4 frilled lizards
  A leopard gecko skeleton (D:4)
  A quokka skeleton (D:6)
  4 rats
  A crawling corpse (Vaults:5)
  A fungus (Lair:4)
  20 plants
  3 tentacles (Shoals:1)
2318 creatures vanquished.

Vanquished Creatures (collateral kills)
  2 titans (Vaults:5)
  An ironheart preserver (Vaults:5)
  A small abomination (Vaults:5)
  A yellow draconian (Zot:2)
  A hydra (Lair:6)
  2 two-headed ogres
  An ogre mage (Vaults:2)
  An ironbrand convoker (Vaults:5)
  2 orb spiders (Spider:4)
  A wolf spider (Spider:3)
  A komodo dragon (Lair:6)
  A jumping spider (Spider:4)
  A redback (Spider:4)
  A neqoxec (D:15)
  A water moccasin (Lair:6)
  An adder zombie (D:6)
19 creatures vanquished.

Vanquished Creatures (others)
  A golden dragon (Zot:5)
  An eldritch tentacle (Depths:4)
  A yaktaur captain (Vaults:5)
  An ogre mage (Depths:2)
  A deep elf knight (Elf:3)
  A shadow wraith (Vaults:3)
  A deep elf archer (Elf:1)
  2 yaktaurs
  A tarantella (Spider:4)
  A golden eye (shapeshifter) (Vaults:2)
  An orc warrior (Orc:2)
  An ogre (Orc:1)
  2 centaurs
  2 orcs
  8 fungi
  36 plants
  5 tentacles (Shoals:1)
66 creatures vanquished.

Grand Total: 2403 creatures vanquished

Notes
Turn   | Place    | Note
-------+----------+-------------------------------------------
     0 | D:1      | GordonOverkill the Naga Fighter began the quest for the
                  | Orb.
     0 | D:1      | Reached XP level 1. HP: 21/21 MP: 1/1
    74 | D:1      | Reached XP level 2. HP: 24/28 MP: 2/2
   545 | D:1      | Reached XP level 3. HP: 34/34 MP: 3/3
  1316 | D:2      | Found a blossoming altar of Fedhas.
  1435 | D:2      | Noticed Jessica
  1436 | D:2      | Killed Jessica
  1436 | D:2      | Reached XP level 4. HP: 42/42 MP: 4/4
  1921 | D:3      | Reached XP level 5. HP: 40/49 MP: 5/5
  1923 | D:3      | Reached skill level 3 in Shields
  2896 | D:3      | Reached XP level 6. HP: 54/57 MP: 6/6
  3380 | D:4      | Found a deep blue altar of Sif Muna.
  3421 | D:4      | Found an ornate altar of the Wu Jian Council.
  3430 | D:4      | Found a shattered altar of Ashenzari.
  3712 | D:5      | Entered Level 5 of the Dungeon
  3758 | D:5      | Reached XP level 7. HP: 61/66 MP: 7/7
  3762 | D:5      | Reached skill level 5 in Axes
  3853 | D:5      | Noticed Ijyb
  3861 | D:5      | Killed Ijyb
  4034 | D:5      | Found a runed translucent door.
  4035 | D:5      | Noticed Crazy Yiuf
  4045 | D:5      | Killed Crazy Yiuf
  4180 | D:5      | Noticed Edmund
  4197 | D:5      | Noticed Menkaure
  4199 | D:5      | Killed Edmund
  4199 | D:5      | Reached skill level 4 in Shields
  4199 | D:5      | Reached XP level 8. HP: 45/73 MP: 8/8
  4837 | D:5      | Killed Menkaure
  4837 | D:5      | Reached skill level 5 in Fighting
  5142 | D:5      | Reached skill level 1 in Evocations
  5259 | D:5      | Found a glowing silver altar of Zin.
  5294 | D:6      | Found an opulent altar of Gozag.
  5521 | D:6      | Got a jewelled ring mail
  5819 | D:6      | Reached XP level 9. HP: 65/82 MP: 10/10
  5967 | D:6      | Found a shimmering altar of Xom.
  6782 | D:7      | Found a radiant altar of Vehumet.
  6826 | D:7      | Reached skill level 5 in Armour
  6834 | D:7      | Found a staircase to the Ecumenical Temple.
  6842 | Temple   | Entered the Ecumenical Temple
  7305 | Temple   | Became a worshipper of Trog the Wrathful
  7408 | D:7      | Reached skill level 5 in Shields
  7703 | D:8      | Found Xeshrokobb's Demolitions Depot.
  7860 | D:8      | Noticed Psyche
  8159 | D:8      | Noticed Grum
  8194 | D:8      | HP: 2/85 [orc/+0 hand axe (3)]
  8216 | D:7      | HP: 3/85 [wolf[Grum] (3)]
  8223 | D:7      | HP: 1/85 [wolf[Grum] (3)]
  8877 | D:7      | Found a staircase to the Ecumenical Temple.
  8908 | D:7      | Found a radiant altar of Vehumet.
  9188 | D:8      | Reached XP level 10. HP: 76/92 MP: 13/13
  9814 | D:9      | Reached * piety under Trog
  9996 | D:9      | Identified the +0 ring mail "Vaiwk" {rF+} (You found it on
                  | level 6 of the Dungeon)
 10285 | D:9      | Found Gelilif's Antique Weapon Shoppe.
 10297 | D:9      | Bought a runed battleaxe for 266 gold pieces
 10536 | D:10     | Entered Level 10 of the Dungeon
 10593 | D:10     | Reached skill level 6 in Shields
 10943 | D:10     | Noticed Snorg
 10955 | D:10     | Killed Snorg
 10955 | D:10     | Reached skill level 10 in Axes
 11058 | D:10     | Noticed Erica
 11066 | D:10     | Killed Erica
 11067 | D:10     | Reached XP level 11. HP: 104/104 MP: 14/14
 11075 | D:10     | Found a staircase to the Orcish Mines.
 11079 | D:10     | Reached ** piety under Trog
 11333 | D:10     | Noticed an unseen horror
 11354 | D:10     | Killed an unseen horror
 11576 | D:10     | Noticed a two-headed ogre
 11579 | D:10     | Found a staircase to the Lair.
 11589 | D:10     | Killed a two-headed ogre
 12251 | D:8      | Found a sacrificial altar of Ru.
 12256 | D:8      | Found an iron altar of Okawaru.
 12357 | D:8      | Killed Grum
 12530 | D:8      | Found a burning altar of Makhleb.
 12602 | D:8      | Killed Psyche
 12677 | D:8      | Reached *** piety under Trog
 12879 | Lair:1   | Entered Level 1 of the Lair of Beasts
 13944 | Lair:2   | Noticed a six-headed hydra
 13960 | Lair:2   | Killed a one-headed hydra
 14255 | Lair:2   | Found a hole to the Spider Nest.
 14270 | Lair:2   | Reached skill level 10 in Fighting
 14285 | Lair:2   | Reached XP level 12. HP: 71/116 MP: 15/15
 15463 | Lair:3   | Reached **** piety under Trog
 15553 | Lair:3   | Got a shimmering iron amulet
 15905 | Lair:3   | Found a staircase to the Shoals.
 15964 | Lair:3   | Noticed a seven-headed hydra
 15976 | Lair:3   | Killed a three-headed hydra
 16030 | Lair:3   | Reached skill level 15 in Axes
 16720 | Lair:4   | Noticed a death yak
 16733 | Lair:4   | Noticed a death yak
 16740 | Lair:4   | Noticed a death yak
 16749 | Lair:4   | Killed a death yak
 16753 | Lair:4   | Killed a death yak
 16756 | Lair:4   | Killed a death yak
 16889 | Lair:4   | Noticed an eight-headed hydra
 16900 | Lair:4   | Killed a four-headed hydra
 17144 | Lair:4   | You fall into a shaft and drop 1 floor!
 17148 | Lair:5   | Noticed Nessos
 17161 | Lair:5   | Gained mutation: You can use your snake-like lower body to
                  | constrict enemies. [Naga growth]
 17161 | Lair:5   | Reached XP level 13. HP: 39/123 MP: 16/16
 17169 | Lair:5   | Killed Nessos
 17588 | Lair:5   | Got a faintly glowing trident
 17589 | Lair:5   | Identified the amulet "Vuobuviklu" {RegenMP rF+} (You found
                  | it on level 3 of the Lair of Beasts)
 17973 | Lair:4   | Found a blossoming altar of Fedhas.
 18737 | Lair:4   | Noticed Kirke
 18745 | Lair:4   | Killed Kirke
 19425 | Lair:5   | Identified the +8 trident of Inquiry {pierce, rF+ Str+3
                  | Int+4} (You found it on level 5 of the Lair of Beasts)
 19884 | Lair:6   | Entered Level 6 of the Lair of Beasts
 19947 | Lair:6   | Reached skill level 1 in Dodging
 20161 | Lair:6   | Reached XP level 14. HP: 96/132 MP: 17/17
 20386 | Lair:6   | Reached skill level 5 in Evocations
 20694 | Lair:6   | Found a staircase to the Slime Pits.
 21474 | Lair:6   | Reached ***** piety under Trog
 22627 | D:11     | Reached skill level 5 in Dodging
 22659 | D:11     | Received a gift from Trog
 23001 | D:11     | Noticed Josephine
 23013 | D:11     | Killed Josephine
 23448 | D:12     | Noticed a deep elf annihilator
 23455 | D:12     | Killed a deep elf annihilator
 23571 | D:12     | Noticed Frances
 23586 | D:12     | Killed Frances
 23586 | D:12     | Reached XP level 15. HP: 57/138 MP: 19/19
 23672 | D:12     | Found a flagged portal.
 23686 | Bailey   | Entered a bailey
 23989 | Bailey   | Reached ****** piety under Trog
 23989 | Bailey   | Received a gift from Trog
 24941 | D:13     | Reached skill level 10 in Armour
 25263 | D:13     | Found Duyr Jurgh's Antique Armour Shop.
 25470 | D:13     | Noticed Maurice
 25481 | D:13     | Killed Maurice
 25882 | D:14     | Noticed Roxanne
 25892 | D:14     | Killed Roxanne
 26038 | D:14     | Received a gift from Trog
 26094 | D:14     | Reached XP level 16. HP: 84/147 MP: 20/22
 26342 | D:14     | Reached skill level 7 in Shields
 26897 | D:14     | Found a white marble altar of Elyvilon.
 27370 | D:14     | Found a gate to the Vaults.
 27483 | D:15     | Entered Level 15 of the Dungeon
 27509 | D:15     | Noticed motoroller71's ghost (journeyman GnGl)
 27516 | D:15     | Found a transporter.
 27550 | D:15     | Found a transporter.
 27737 | D:15     | Reached skill level 8 in Shields
 27889 | D:15     | Noticed a tengu reaver
 27891 | D:15     | Noticed a storm dragon
 27900 | D:15     | Killed a tengu reaver
 27913 | D:15     | Killed a storm dragon
 27913 | D:15     | Reached XP level 17. HP: 99/159 MP: 23/23
 28196 | D:15     | Got a crude broad axe
 28199 | D:15     | Identified the cursed +2 broad axe of Wues {flame, Int+3
                  | Dex+4} (You found it on level 15 of the Dungeon)
 28230 | D:15     | Found a staircase to the Depths.
 28688 | D:15     | Gained mutation: You are dopey. (Int -2) [a neqoxec]
 28696 | D:15     | Killed motoroller71's ghost
 28700 | D:15     | Gained mutation: Your body sometimes deteriorates upon
                  | taking damage. [a neqoxec]
 28718 | D:15     | Identified the Tome of Air and Boosts
 28853 | Orc:1    | Entered Level 1 of the Orcish Mines
 28911 | Orc:1    | Reached skill level 9 in Shields
 29034 | Orc:1    | Found a dark tunnel.
 29043 | Volcano  | Entered a volcano
 29415 | Volcano  | Found a bloodstained altar of Trog.
 29450 | Orc:1    | Received a gift from Trog
 29987 | Orc:2    | Entered Level 2 of the Orcish Mines
 29987 | Orc:2    | Found a staircase to the Elven Halls.
 30519 | Orc:2    | Found Agivebid's General Store.
 30976 | Orc:2    | Found Picesuli's Food Boutique.
 31007 | Orc:2    | Found Duari's Antique Armour Emporium.
 31013 | Orc:2    | Found Ohos's Antique Weapon Emporium.
 31058 | Orc:2    | Bought a runed hat for 252 gold pieces
 31065 | Orc:2    | Bought a potion of mutation for 104 gold pieces
 31065 | Orc:2    | Bought a scroll of magic mapping for 45 gold pieces
 31065 | Orc:2    | Bought a scroll of teleportation for 39 gold pieces
 31207 | Spider:1 | Entered Level 1 of the Spider Nest
 31207 | Spider:1 | Noticed Jorgrun
 31219 | Spider:1 | Killed Jorgrun
 31382 | Spider:1 | Noticed Agnes
 31391 | Spider:1 | Killed Agnes
 31618 | Spider:1 | Received a gift from Trog
 31732 | Spider:1 | Reached skill level 10 in Shields
 31799 | Spider:1 | Reached skill level 10 in Evocations
 32795 | Spider:2 | Noticed Aizul
 32819 | Spider:2 | Killed Aizul
 33289 | Spider:2 | You fall into a shaft and drop 1 floor!
 33474 | Spider:3 | Reached XP level 18. HP: 174/174 MP: 25/25
 33978 | Spider:4 | Entered Level 4 of the Spider Nest
 33978 | Spider:4 | Noticed Asterion
 34083 | Spider:4 | Received a gift from Trog
 34297 | Spider:3 | Killed Asterion
 34299 | Spider:3 | Reached skill level 11 in Shields
 35283 | Spider:4 | Received a gift from Trog
 35325 | Spider:4 | Reached skill level 12 in Shields
 35360 | Spider:4 | Got a gossamer rune of Zot
 35674 | Spider:4 | Got an ancient battleaxe {god gift}
 35675 | Spider:4 | Identified the +9 battleaxe of Arrival {venom, rPois rC-
                  | Str-5 Dex+8} (Trog gifted it to you on level 4 of the
                  | Spider Nest)
 35954 | Vaults:1 | Entered Level 1 of the Vaults
 36744 | Vaults:1 | Reached XP level 19. HP: 173/183 MP: 26/26
 37126 | Vaults:1 | Received a gift from Trog
 37394 | Vaults:1 | Noticed a tentacled monstrosity
 37832 | Vaults:2 | Reached skill level 15 in Fighting
 37832 | Vaults:2 | Reached skill level 13 in Shields
 38199 | Vaults:2 | Found a staircase to the Crypt.
 38274 | Vaults:2 | Received a gift from Trog
 38783 | Vaults:2 | Reached skill level 10 in Dodging
 39708 | Vaults:2 | Reached skill level 14 in Shields
 40599 | Vaults:3 | Noticed Nikola
 40604 | Vaults:3 | Received a gift from Trog
 40607 | Vaults:3 | Reached XP level 20. HP: 196/196 MP: 27/27
 40616 | Vaults:3 | Killed Nikola
 40987 | Vaults:3 | Reached skill level 15 in Shields
 41323 | Vaults:3 | Received a gift from Trog
 41343 | Vaults:3 | Identified the +6 mace of Uncertain Death {crush, MR+}
 41790 | Vaults:3 | Found the +7 pair of quick blades "Gyre" and "Gimble"
                  | {protect}
 41991 | Vaults:3 | Found Fauhim's Weapon Shoppe.
 42913 | Vaults:4 | Received a gift from Trog
 43496 | Vaults:4 | Reached XP level 21. HP: 208/208 MP: 28/28
 43706 | Vaults:4 | Reached skill level 16 in Shields
 43735 | Vaults:4 | Received a gift from Trog
 44962 | Elf:1    | Entered Level 1 of the Elven Halls
 46446 | Elf:2    | Received a gift from Trog
 46733 | Elf:2    | Noticed Louise
 46741 | Elf:2    | Killed Louise
 46917 | Elf:2    | Reached skill level 17 in Shields
 46928 | Elf:2    | Found a huge runed translucent gate.
 46928 | Elf:2    | Found a huge runed translucent gate.
 46928 | Elf:2    | Found a huge runed translucent gate.
 46930 | Elf:2    | Found a huge runed translucent gate.
 46931 | Elf:2    | Found a huge runed translucent gate.
 47045 | Elf:2    | Received a gift from Trog
 47619 | Elf:2    | Reached XP level 22. HP: 206/222 MP: 29/29
 47841 | Elf:3    | Entered Level 3 of the Elven Halls
 48022 | Elf:3    | Received a gift from Trog
 48636 | Elf:3    | Identified the +8 rapier of Tozudus {venom, rF- MR- Str+8
                  | Int+3}
 48648 | Elf:3    | Reached skill level 18 in Shields
 48861 | Elf:3    | Identified the +8 triple sword of Patterns {slice, rPois}
 48977 | Elf:3    | Identified the +3 rapier of Readwau {freeze, rPois MR+}
 48998 | Elf:3    | Received a gift from Trog
 49099 | Elf:3    | Found a portal to a secret trove of treasure.
 49281 | Elf:3    | Identified Sif Muna's Papyrus of Glacial Augmentations
 49701 | Depths:1 | Entered Level 1 of the Depths
 49701 | Depths:1 | Found a one-way gate to the infinite horrors of the Abyss.
 49701 | Depths:1 | Found a gateway to Hell.
 49701 | Depths:1 | Found a one-way gate leading to the halls of Pandemonium.
 50139 | Depths:1 | Found a gateway to a ziggurat.
 51231 | Depths:2 | Reached XP level 23. HP: 178/232 MP: 30/30
 51979 | Depths:2 | Found Nadyij's Antique Armour Shop.
 51982 | Depths:2 | Bought an ichor-stained cloak for 399 gold pieces
 51982 | Depths:2 | Identified the cursed +0 cloak "Takit" {Dex+4} (You bought
                  | it in a shop on level 2 of the Depths)
 52258 | Depths:2 | Reached skill level 19 in Shields
 52512 | Depths:2 | Noticed an ancient lich
 52519 | Depths:2 | Killed an ancient lich
 52532 | Depths:2 | Got a brightly glowing pewter ring
 52534 | Depths:2 | Identified the ring "Udeberph" {Int+2 Slay+2} (You found it
                  | on level 2 of the Depths)
 52761 | Depths:3 | Found Sassarog's Gadget Boutique.
 52761 | Depths:3 | Found Xeyny's Jewellery Emporium.
 52762 | Depths:3 | Found Jisomeg's Gadget Boutique.
 52772 | Depths:3 | Bought a wand of acid (3) for 252 gold pieces
 52772 | Depths:3 | Bought a wand of digging (5) for 324 gold pieces
 52772 | Depths:3 | Bought a phantom mirror for 540 gold pieces
 52974 | Depths:3 | Received a gift from Trog
 53048 | Depths:3 | Noticed a greater mummy
 53049 | Depths:3 | Noticed a greater mummy
 53061 | Depths:3 | Killed a greater mummy
 53070 | Depths:3 | Killed a greater mummy
 53389 | Depths:3 | Found the amulet of Vitality {Regen+ HP+15}
 54640 | Depths:3 | Got a fine steel ring
 54641 | Depths:3 | Identified the ring "Ywiwni" {Fire Str+5 Dex+6 Slay-3} (You
                  | found it on level 3 of the Depths)
 54990 | Depths:4 | Received a gift from Trog
 54990 | Depths:4 | Reached skill level 20 in Shields
 55509 | Depths:4 | Reached XP level 24. HP: 241/241 MP: 30/31
 55596 | Depths:4 | Received a gift from Trog
 55799 | Depths:4 | Noticed a juggernaut
 55819 | Depths:4 | Killed a juggernaut
 56512 | Depths:5 | Entered Level 5 of the Depths
 56595 | Depths:5 | Found Cydd's Elemental Accessories.
 56616 | Depths:5 | Bought a wand of digging (5) for 234 gold pieces
 56944 | Depths:5 | Noticed Sojobo
 56970 | Depths:5 | Killed Sojobo
 57010 | Depths:5 | Received a gift from Trog
 57400 | Depths:5 | Lost mutation: Your body sometimes deteriorates upon taking
                  | damage. [potion of mutation]
 57400 | Depths:5 | Lost mutation: You are dopey. (Int -2) [potion of mutation]
 57400 | Depths:5 | Gained mutation: You occasionally shout uncontrollably at
                  | your foes. [potion of mutation]
 57400 | Depths:5 | Lost mutation: You occasionally shout uncontrollably at
                  | your foes. [potion of mutation]
 57400 | Depths:5 | Gained mutation: You expend magic power (3 MP) to
                  | strengthen your wands. [potion of mutation]
 57526 | Depths:5 | Found a gate to the Realm of Zot.
 57935 | Shoals:1 | Entered Level 1 of the Shoals
 57988 | Shoals:1 | Received a gift from Trog
 58337 | Shoals:1 | Found Ithraatwo's Antique Armour Shoppe.
 58341 | Shoals:1 | Found Cityskot's Jewellery Shop.
 58367 | Shoals:1 | Bought the ring of Felyelak {rPois rC+ Str+3} for 508 gold
                  | pieces
 58904 | Shoals:2 | Noticed Ilsuiw
 58918 | Shoals:2 | Killed Ilsuiw
 59098 | Shoals:2 | Received a gift from Trog
 59384 | Shoals:2 | Reached XP level 25. HP: 249/249 MP: 10/32
 59502 | Shoals:3 | Found Xeek's General Store.
 59894 | Shoals:3 | Bought 2 scrolls of identify for 72 gold pieces
 60186 | Shoals:4 | Entered Level 4 of the Shoals
 60410 | Shoals:4 | Received a gift from Trog
 60631 | Shoals:4 | Found the +6 shillelagh "Devastator" {shatter}
 60805 | Shoals:4 | Got a barnacled rune of Zot
 61409 | Vaults:5 | Entered Level 5 of the Vaults
 61604 | Vaults:5 | Identified the +3 leather armour "Baakkuf" {rPois rC++
                  | rCorr Int+2}
 61604 | Vaults:5 | Identified the ring of Senujeab {*Slow +Fly rPois Str+5
                  | Int+5}
 61631 | Vaults:5 | Received a gift from Trog
 61636 | Vaults:5 | Identified the cursed +1 arbalest of Ancient Evil
                  | {velocity, rElec rF+ Str+3}
 61745 | Vaults:5 | Reached skill level 21 in Shields
 61937 | Vaults:5 | Reached XP level 26. HP: 228/258 MP: 10/32
 62088 | Vaults:5 | Identified the cursed +2 dagger of Impatience {flame,
                  | +Blink Str+3 Dex+3 Stlth+}
 62184 | Vaults:5 | Received a gift from Trog
 62837 | Vaults:5 | Reached skill level 22 in Shields
 63479 | Vaults:5 | Received a gift from Trog
 63481 | Vaults:5 | Identified the cursed +0 scale mail of the Hippo {rPois MR+
                  | Dex+4}
 63604 | Vaults:5 | Got a pair of bloodstained gloves
 63605 | Vaults:5 | Identified the +3 pair of gloves of Music {rElec rN+ Dex+6
                  | Stlth-} (You found it on level 5 of the Vaults)
 63810 | Vaults:5 | Got a silver rune of Zot
 63961 | Vaults:5 | Identified the cursed +1 scale mail of Wiarchaeh {rPois
                  | rN++ Str+6}
 64394 | Zot:1    | Entered Level 1 of the Realm of Zot
 64702 | Zot:1    | Reached skill level 23 in Shields
 65135 | Zot:1    | Reached XP level 27. HP: 208/268 MP: 32/32
 65385 | Zot:1    | Paralysed by you for 6 turns
 65520 | Zot:1    | Received a gift from Trog
 66174 | Zot:1    | Paralysed by you for 5 turns
 66468 | Zot:1    | Identified the Incunabulum of Flying Darkness
 66919 | Zot:2    | Reached skill level 24 in Shields
 67981 | Zot:3    | Found the +8 demon blade "Bloodbane" {slice, *Rage +Rage
                  | Stlth-}
 68610 | Zot:3    | Found a runed translucent gate.
 68611 | Zot:3    | Found a runed translucent gate.
 68612 | Zot:3    | Found a runed translucent gate.
 68613 | Zot:3    | Noticed Tem Zeofa's ghost (legendary MiFi)
 68614 | Zot:3    | Noticed Miewn's ghost (legendary DEFE)
 68742 | Zot:3    | Noticed an orb of fire
 68765 | Zot:3    | Killed an orb of fire
 69960 | Zot:4    | Received a gift from Trog
 70003 | Zot:4    | Reached skill level 25 in Shields
 71064 | Zot:5    | Entered Level 5 of the Realm of Zot
 72227 | Zot:5    | Noticed an ancient lich
 72243 | Zot:5    | Killed an ancient lich
 72243 | Zot:5    | Reached skill level 26 in Shields
 72275 | Zot:5    | Received a gift from Trog
 72567 | Zot:5    | Gained mutation: Potions are less effective at restoring
                  | your health. [a neqoxec]
 72569 | Zot:5    | Noticed an orb of fire
 72569 | Zot:5    | Gained mutation: You are weak. (Str -2) [an orb of fire]
 72588 | Zot:5    | Gained mutation: You tend to lose your temper in combat.
                  | [an orb of fire]
 72592 | Zot:5    | Killed an orb of fire
 72597 | Zot:5    | Noticed an ancient lich
 72597 | Zot:5    | Noticed an orb of fire
 72613 | Zot:5    | Killed an ancient lich
 72614 | Zot:5    | Gained mutation: You occasionally shout uncontrollably at
                  | your foes. [an orb of fire]
 72627 | Zot:5    | Noticed an orb of fire
 72628 | Zot:5    | Killed an orb of fire
 72630 | Zot:5    | Noticed an orb of fire
 72634 | Zot:5    | Gained mutation: You often lose your temper in combat. [an
                  | orb of fire]
 72654 | Zot:5    | Gained mutation: Your magical capacity is low. (-10% MP)
                  | [an orb of fire]
 72660 | Zot:5    | Gained mutation: Your spells are a little easier to cast,
                  | but a little less powerful. [an orb of fire]
 72660 | Zot:5    | HP: 14/402 [orb of fire/fireball (9)]
 72662 | Zot:5    | Gained mutation: You are frail. (-10% HP) [an orb of fire]
 72662 | Zot:5    | HP: 3/361 [black draconian/bolt of lightning (12)]
 72663 | Zot:5    | Killed from afar by an electric golem

Levels and vault maps discovered:
D:1:      dpeg_arrival_erosion, layout_basic
D:2:      layout_rooms, old_standard_altar, uniq_jessica
D:3:      layout_loops_ring, lightli_sewer_entry_pipes
D:4:      layout_rooms, lemuel_blue_sif_altar, amethyst_overflow_temple_binary,
          first_ration, eino_tiny_chamber
D:5:      layout_loops_ring, zin_treasury, minmay_tree_intersection,
          uniq_edmund, uniq_ijyb, uniq_crazy_yiuf_cottage, uniq_menkaure
D:6:      layout_basic, old_standard_altar, lemuel_round_altar,
          skrybe_limestone_x, minmay_misc_feat_nine_boxes, amethyst_killhole
D:7:      layout_rooms, minmay_temple_entry_enclosed_plants, basic_altar
D:8:      layout_basic, lemuel_coloured_pillars_altar, minitemple, minivault_10,
          hangedman_little_slice_of_home, nicolae_blasting_shop, uniq_grum,
          uniq_psyche
D:9:      layout_irregular_city, serial_shops, shop, roderic_lattice_a
D:10:     layout_loops_ring, lair_entry_dummy, erik_orc_3, uniq_erica,
          uniq_snorg
D:11:     layout_loops_cross, special_room [special_room_orc],
          kennysheep_nondescript, uniq_josephine
D:12:     minmay_outward_triangles, layout_basic, enter_bailey_3, uniq_frances
D:13:     layout_irregular_city, serial_shops, nicolae_shop_stone, uniq_maurice
D:14:     layout_irregular_city, grunt_vaults_entry_tiered, elyvilon_altar_5,
          uniq_roxanne
D:15:     hangedman_depths_entry_try_elsewhere_first, layout_cave_pools,
          minivault_23, gammafunk_ghost_stat_death,
          minmay_checkered_concentric_circles
Temple:   minmay_temple_forest_path
Lair:1:   layout_gridlike, infiniplex_staircase_pool
Lair:2:   layout_big_grid, spider_nest_entry_webs,
          nicolae_quartered_pool_little, chequers_serial_rivers_micro_e,
          serial_bayou_ford_a, columned_hall_lemuel,
          chequers_serial_rivers_micro_a, st_stairs_6
Lair:3:   layout_loops_ring, minmay_shoals_entry_lonely_mermaid,
          grunt_megastairs_1
Lair:4:   layout_regular_city, tgw_fedhas, grunt_megastairs_2,
          lemuel_fruit_tree, uniq_kirke
Lair:5:   layout_small_grid, uniq_nessos
Lair:6:   minmay_lair_end_enchanted_forest, layout_regular_city,
          minmay_slime_entry_pillars, grunt_forest_small_clearing_treed
Shoals:1: layout_shoals, serial_shops, nicolae_shop_window_shopping, shop,
          nicolae_shoals_water_shrine
Shoals:2: layout_shoals, uniq_ilsuiw
Shoals:3: layout_shoals, nicolae_shoals_c_island
Shoals:4: shoals_end_grunt_garden, layout_shoals
Spider:1: layout_spider_delve, uniq_jorgrun, uniq_agnes
Spider:2: layout_spider_delve, uniq_aizul
Spider:3: layout_spider_delve
Spider:4: grunt_spider_rune_circles, nicolae_crawler_farm, uniq_asterion
Orc:1:    layout_diamond_mine, enter_volcano_2
Orc:2:    st_orc_elflike, layout_diamond_mine
Elf:1:    elf_arrival_002, layout_geoelf_octagon, minivault_28, nrook_uturn
Elf:2:    layout_onion_city, minmay_misc_feat_alley, uniq_louise
Elf:3:    minmay_elf_hall_curves, layout_geoelf_octagon, enter_trove_0,
          minivault_20, lemuel_flamethrower_2
Vaults:1: ontoclasm_vaults_pinch, ontoclasm_vaults_ligature,
          vaults_standard_mumra_lines, nicolae_vaults_little_squares_5,
          grunt_vaults_focal, vaults_room_corners,
          nicolae_vaults_mini_display_case, v_rooms_3,
          nicolae_vaults_circle_grid_a, grunt_vaults_trifunnel,
          nicolae_vaults_specimen_jars, v_misc_23, layout_vaults_big_room
Vaults:2: v_misc_14, hangedman_vaults_stagger, nicolae_vaults_branching_niches,
          nicolae_vaults_hallways_thing, vaults_room_octagon,
          minmay_crypt_entry_simple_statues, vaults_room_ringed_pool,
          nicolae_vaults_little_squares_4, ontoclasm_vaults_ring_square,
          vaults_mumra_chevron, ontoclasm_vaults_decontamination,
          layout_vaults_ring
Vaults:3: st_greater_box_4, vaults_mumra_chevron_long,
          nicolae_vaults_ninety_degrees, dpeg_vaults_monster_row, v_misc_32,
          nicolae_vaults_little_squares_1, v_misc_8,
          hangedman_vaults_restitches, nicolae_vaults_border_crossing,
          layout_vaults_omnigrid, serial_shops, shop, uniq_nikola
Vaults:4: v_pattern_2, v_misc_12, grunt_vaults_diagonal, v_rooms_2,
          hangedman_vaults_unwind, v_misc_13, hangedman_vaults_hat,
          nicolae_vaults_big_ls, st_check, vaults_room_pool,
          nicolae_vaults_ring_of_whatevers, vaults_dpeg_hooks,
          grunt_vaults_hallway_short, v_misc_24, layout_vaults_maze_snakey
Vaults:5
Depths:1: layout_cross, pan_entry, abyss_entry, hell_entry
Depths:2: constructs_gauntlet_mu_hangedman, layout_small_grid, hell_entry,
          kennysheep_donut, serial_shops, nicolae_shop_behind_doors,
          grunt_pan_entry_sceptre, infiniplex_staircase_zigzag_5
Depths:3: ragdoll_tomb_raider, layout_gridlike, grunt_pan_entry_spiral,
          infiniplex_staircase_zigzag_4, pf_coc_iceberg, minmay_shop_grove,
          serial_bayou_shore_b, serial_bayou_shore_a
Depths:4: giant_chief_lemuel, layout_cave_pools, hell_entry,
          minmay_misc_feat_cross, hangedman_abyss_entry_splay
Depths:5: evilmike_zot_entry_round, layout_long_grid, abyss_entry, hell_entry,
          st_stairs_8, nicolae_elemental_shop, grunt_megastairs_3, uniq_sojobo
Zot:1:    gammafunk_mikee_crab_dinner, layout_twisted_circle
Zot:2:    layout_gridlike
Zot:3:    kennysheep_spiral_hall, layout_gridlike, gammafunk_ghost_cemetery
Zot:4:    layout_onion, skrybe_zot_glass_2
Zot:5:    layout_concentric_octagons

Skill      XL: |  1  2  3  4  5  6  7  8  9 10 11 12 13 14 15 16 17 18 19 20 21 22 23 24 25 26 27 |
---------------+----------------------------------------------------------------------------------+-----
Axes           | 3 4 5 7 8 11 13 16 18 | 18.0
Armour         | 3 4 5 9 10 12 13 | 13.0
Shields        | 3 4 5 6 8 10 12 14 15 17 18 20 21 23 26 | 26.4
Fighting       | 4 5 6 8 10 12 13 14 15 17 18 19 20 | 20.0
Evocations     | 2 4 6 8 10 12 13 | 13.0
Dodging        | 2 6 7 9 10 12 13 | 13.0

Action                   |  1- 3 |  4- 6 |  7- 9 | 10-12 | 13-15 | 16-18 | 19-21 | 22-24 | 25-27 || total
-------------------------+-------+-------+-------+-------+-------+-------+-------+-------+-------++-------
Melee: War axe           |   113 |   234 |   399 |   116 |   361 |       |       |       |       ||  1223
       Battleaxe         |       |       |       |   469 |    99 |       |       |       |       ||   568
       Hand axe          |       |       |       |    30 |    15 |     2 |       |       |       ||    47
       Trident           |       |       |       |       |   442 |       |       |       |       ||   442
       Constrict         |       |       |       |       |   166 |   185 |   181 |   222 |   274 ||  1028
       Broad axe         |       |       |       |       |       |   985 |  1049 |  1424 |  1900 ||  5358
Throw: Stone             |     5 |       |       |       |       |       |       |       |       ||     5
       Boomerang         |       |     1 |     1 |       |       |       |       |       |       ||     2
       Throwing net      |       |       |       |       |       |       |       |       |     1 ||     1
Invok: Berserk           |       |       |       |    15 |    17 |    13 |    12 |    14 |    10 ||    81
       Trog's Hand       |       |       |       |     2 |     1 |     5 |     2 |     4 |     5 ||    19
       Brothers in Arms  |       |       |       |       |     2 |     3 |     2 |       |     5 ||    12
 Abil: Evoke Invisibilit |       |       |       |       |       |       |       |       |     7 ||     7
Evoke: Wand              |       |       |     5 |     4 |     7 |    13 |       |       |     4 ||    33
       Lamp of fire      |       |       |       |       |       |       |       |       |     1 ||     1
       Box of beasts     |       |       |       |       |       |       |       |       |     1 ||     1
       Phial of floods   |       |       |       |       |       |       |       |       |     1 ||     1
  Use: Scroll            |     1 |    11 |    10 |    12 |    10 |    16 |     1 |    13 |    19 ||    93
       Potion            |       |       |     7 |     1 |     1 |     5 |     1 |     3 |    13 ||    31
 Stab: Invisible         |       |       |     6 |       |       |       |       |       |    38 ||    44
       Confused          |       |       |       |       |     2 |       |       |       |     1 ||     3
       Distracted        |       |       |       |       |       |     1 |       |       |     5 ||     6
       Petrifying        |       |       |       |       |       |       |     1 |       |       ||     1
       Petrified         |       |       |       |       |       |       |     1 |       |       ||     1
       Held in net/web   |       |       |       |       |       |       |       |       |     3 ||     3
  Eat: Chunk             |     1 |     7 |    11 |    28 |    34 |    34 |    28 |    29 |    19 ||   191
       Ration            |       |       |     1 |     5 |     2 |     3 |     4 |     5 |    10 ||    30
Armor: Scale mail        |    28 |       |       |       |       |       |       |       |       ||    28
       Plate armour      |    25 |    52 |       |       |       |       |       |       |       ||    77
       Storm dragon scal |       |   125 |   218 |   412 |   373 |   695 |   234 |   481 |   318 ||  2856
       Gold dragon scale |       |       |       |       |       |       |       |       |   413 ||   413
Dodge: Dodged            |    29 |    23 |    69 |   168 |   189 |   381 |   235 |   239 |   401 ||  1734
Block: Shield            |    57 |   131 |   296 |    64 |   418 |   721 |   191 |       |       ||  1878
       Reflection        |       |       |     9 |     4 |    30 |    14 |    35 |       |       ||    92
       Other             |       |       |       |    42 |     8 |       |       |       |       ||    50
       Large shield      |       |       |       |       |       |       |   516 |  1361 |  2009 ||  3886

Table legend:
 A = Non-vault XP
 B = Vault XP
 C = Vault XP percentage of total XP
 D = Non-vault monster count
 E = Vault monster count
 F = Vault count percentage of total count
                 A         B        C        D         E       F
            +---------+---------+-------+---------+---------+-------
      Total |  807181 |  706549 |  46.7 |    1504 |     819 |  35.3
            +---------+---------+-------+---------+---------+-------
        D:1 |      54 |       0 |   0.0 |      27 |       0 |   0.0
        D:2 |      39 |      37 |  48.7 |      20 |       1 |   4.8
        D:3 |     167 |      30 |  15.2 |      21 |       5 |  19.2
        D:4 |     272 |       0 |   0.0 |      11 |       0 |   0.0
        D:5 |     870 |     429 |  33.0 |      24 |       4 |  14.3
        D:6 |     903 |       0 |   0.0 |      21 |       0 |   0.0
        D:7 |     669 |     111 |  14.2 |      21 |       1 |   4.5
        D:8 |    1725 |    1124 |  39.5 |      41 |      13 |  24.1
        D:9 |     712 |       0 |   0.0 |      12 |       0 |   0.0
       D:10 |    3872 |    2663 |  40.7 |      39 |      16 |  29.1
       D:11 |   10325 |    3221 |  23.8 |      55 |      29 |  34.5
       D:12 |    1422 |    6753 |  82.6 |      19 |      10 |  34.5
       D:13 |    5715 |     449 |   7.3 |      32 |       1 |   3.0
       D:14 |    6818 |    9628 |  58.5 |      25 |      26 |  51.0
       D:15 |   13925 |   14908 |  51.7 |      26 |      18 |  40.9
     Lair:1 |    2305 |       0 |   0.0 |      10 |       0 |   0.0
     Lair:2 |    4469 |     220 |   4.7 |      18 |       1 |   5.3
     Lair:3 |    5341 |     796 |  13.0 |      24 |       4 |  14.3
     Lair:4 |    9659 |    3234 |  25.1 |      31 |       4 |  11.4
     Lair:5 |    7181 |    1315 |  15.5 |      24 |       1 |   4.0
     Lair:6 |   11165 |    8145 |  42.2 |      31 |      45 |  59.2
   Shoals:1 |   20992 |    4669 |  18.2 |      37 |       9 |  19.6
   Shoals:2 |   10631 |    4012 |  27.4 |      23 |       4 |  14.8
   Shoals:3 |   13932 |       0 |   0.0 |      31 |       0 |   0.0
   Shoals:4 |   16208 |   17793 |  52.3 |      33 |      28 |  45.9
   Spider:1 |   12167 |    5483 |  31.1 |      32 |       2 |   5.9
   Spider:2 |   18207 |    1485 |   7.5 |      53 |       1 |   1.9
   Spider:3 |   11340 |    2478 |  17.9 |      33 |       2 |   5.7
   Spider:4 |   15655 |   25176 |  61.7 |      42 |      45 |  51.7
      Orc:1 |    3925 |       0 |   0.0 |      33 |       0 |   0.0
      Orc:2 |    1302 |    8097 |  86.1 |      22 |      25 |  53.2
      Elf:1 |   17286 |   10877 |  38.6 |      28 |      17 |  37.8
      Elf:2 |   15179 |   24949 |  62.2 |      27 |      28 |  50.9
      Elf:3 |   20401 |   47442 |  69.9 |      33 |      31 |  48.4
   Vaults:1 |   18470 |   22042 |  54.4 |      37 |      37 |  50.0
   Vaults:2 |   36677 |   19545 |  34.8 |      64 |      21 |  24.7
   Vaults:3 |   23988 |   56841 |  70.3 |      30 |      55 |  64.7
   Vaults:4 |   25480 |   38067 |  59.9 |      46 |      47 |  50.5
   Vaults:5 |   52634 |  139167 |  72.6 |      57 |      92 |  61.7
   Depths:1 |   14683 |       0 |   0.0 |      29 |       0 |   0.0
   Depths:2 |   33853 |   24842 |  42.3 |      36 |      20 |  35.7
   Depths:3 |   19751 |   27251 |  58.0 |      24 |      28 |  53.8
   Depths:4 |   43168 |   37329 |  46.4 |      53 |      31 |  36.9
   Depths:5 |   20228 |   33005 |  62.0 |      22 |      22 |  50.0
      Zot:1 |   90127 |   18328 |  16.9 |      54 |      13 |  19.4
      Zot:2 |   24046 |       0 |   0.0 |      14 |       0 |   0.0
      Zot:3 |   50694 |    9003 |  15.1 |      25 |       4 |  13.8
      Zot:4 |   48138 |       0 |   0.0 |      34 |       0 |   0.0
      Zot:5 |   40411 |   66661 |  62.3 |      20 |      16 |  44.4
     Bailey |       0 |    3623 | 100.0 |       0 |      40 | 100.0
    Volcano |       0 |    5321 | 100.0 |       0 |      22 | 100.0
            +---------+---------+-------+---------+---------+-------
